 Dungeon Crawl Stone Soup version 0.24.0-13-gcf9b319 (webtiles) character file.

Game seed: 7576990538858340024, levelgen mode: deterministic

109 Fortress the Chucker (level 4, -1/42 HPs)
             Began as an Ogre Arcane Marksman on Jan 13, 2020.
             Slain by a gnoll
             ... wielding a +0 halberd
              (5 damage)
             ... on level 4 of the Dungeon.
             The game lasted 00:09:45 (2687 turns).

Fortress the Chucker (Ogre Arcane Marksman)         Turns: 2687, Time: 00:09:46

Health: -1/42      AC:  4    Str: 15    XL:     4   Next: 90%
Magic:  5/5        EV: 10    Int: 19    God:
Gold:   92         SH:  0    Dex:  9    Spells: 4/5 levels left

rFire    . . .     SeeInvis .   k - +0 short sword
rCold    . . .     Gourm    .   (no shield)
rNeg     . . .     Faith    .   a - +0 robe
rPois    .         Spirit   .   (helmet restricted)
rElec    .         Reflect  .   s - +0 cloak
rCorr    .         Harm     .   (gloves unavailable)
MR       .....                  (boots unavailable)
Stlth    +.........             (no amulet)
HPRegen  0.14/turn              (no ring)
MPRegen  0.09/turn              (no ring)

@: brilliant
A: large, unfitting armour, tough skin 1
a: no special abilities


You were on level 4 of the Dungeon.
You were very hungry.

You visited 1 branch of the dungeon, and saw 4 of its levels.

You collected 248 gold pieces.
You spent 156 gold pieces at shops.

Inventory:

Hand Weapons
 k - a +0 short sword (weapon)
Missiles
 b - 51 poisoned darts (quivered)
 d - 3 throwing nets
Armour
 a - a +0 robe (worn)
 s - a +0 cloak (worn)
Jewellery
 c - an uncursed ring of fire {unknown}
Scrolls
 h - 2 scrolls of fog
 l - a scroll of teleportation
 m - 2 scrolls of identify {unknown}
 n - a scroll of enchant weapon {unknown}
 t - a scroll of remove curse
 u - a scroll of fear {unknown}
Potions
 e - 3 potions of curing {unknown}
 g - a potion of might {unknown}
 i - a potion of brilliance
 j - 2 potions of heal wounds {unknown}
 o - a potion of cancellation {unknown}
 q - a potion of haste {unknown}
 r - a potion of berserk rage {unknown}
Comestibles
 f - 9 rations


   Skills:
 + Level 2.2 Fighting
 + Level 0.7 Short Blades
 + Level 3.8 Throwing
 - Level 2.0 Dodging
 - Level 0.1 Unarmed Combat
 + Level 1.2 Spellcasting
 + Level 3.3 Hexes


You had 4 spell levels left.
You knew the following spells:

 Your Spells              Type           Power        Failure   Level  Hunger
a - Corona                Hex            ####...      1%          1    ##.....

Your spell library contained the following spells:

 Spells                   Type           Power        Failure   Level  Hunger
 Slow                     Hex            ####....     1%          2    ###....
 Inner Flame              Hex/Fire       ###.....     3%          3    ####...
 Portal Projectile        Hex/Tloc       ###...       3%          3    ####...
 Cause Fear               Hex            ####......   5%          4    #####..
 Leda's Liquefaction      Hex/Erth       ###.......   11%         4    #####..


Dungeon Overview and Level Annotations

Branches:
Dungeon (4/15)
 Temple: D:4-7

Altars:
Ashenzari
Fedhas
Zin

Shops:
D:4 *


Innate Abilities, Weirdness & Mutations

You are too large for most types of armour.
You have tough skin. (AC +1)


Message History

The gnoll hits you from afar with a +0 halberd.
The gnoll hits you but does no damage.
The gnoll shaman hits you with a +0 whip.
Throwing (i - inventory. (/) - cycle)
b - 52 poisoned darts (quivered)
Press: ? - help, Shift-Dir - straight line, f/p - gnoll shaman
Aim: a gnoll shaman, wielding a +0 whip and wearing a +0 leather armour (lightly wounded, poisoned)
You throw a poisoned dart.
The poisoned dart hits the gnoll shaman!
The gnoll shaman looks even sicker.
The gnoll shaman is lightly wounded.
The gnoll hits you from afar with a +0 halberd.
* * * LOW HITPOINT WARNING * * *
The gnoll shaman hits you with a +0 whip.
* * * LOW HITPOINT WARNING * * *
The gnoll closely misses you.
It was a potion of brilliance.
You feel clever all of a sudden. The gnoll closely misses you.
The gnoll shaman barely misses you.
The gnoll hits you from afar with a +0 halberd.
You die...

.#.#.#.#.#.#.#.#
.#.#.#.#.#.#.
#.#.#.#.#.#.# #.
.#.#.#.#.# #(
.#.#.... # ###.
#.#.#.... #. #(g
#.# .#.. .# #g#
#.#. .#. .
#@##.#.#.
###.#.#.#.#
#...g#.#.#.
#.....#.#.#
#....#.#.#
#.....#.#.
###.##.#.#
#....#.#.#
#.....#.#.


You could see a gnoll shaman and 2 gnolls.

Vanquished Creatures
  A gnoll (D:4)
  2 adders
  An ooze (D:3)
  A worm (D:4)
  A dart slug (D:3)
  A leopard gecko (D:4)
  2 orcs (D:3)
  6 bats
  4 giant cockroaches
  6 goblins
  10 hobgoblins
  11 jackals
  2 quokkas (D:3)
  3 frilled lizards
  5 kobolds
  4 rats
60 creatures vanquished.

Notes
Turn   | Place    | Note
-------+----------+-------------------------------------------
     0 | D:1      | Fortress the Ogre Arcane Marksman began the quest for the
                  | Orb.
     0 | D:1      | Reached XP level 1. HP: 19/19 MP: 2/2
   208 | D:1      | Found a shattered altar of Ashenzari.
   232 | D:1      | Reached XP level 2. HP: 27/27 MP: 3/3
  1032 | D:2      | Reached XP level 3. HP: 33/33 MP: 4/4
  1434 | D:2      | Found a blossoming altar of Fedhas.
  1642 | D:2      | Found a glowing silver altar of Zin.
  1908 | D:3      | Reached XP level 4. HP: 28/42 MP: 5/5
  2637 | D:4      | Found Wulijikk's General Store.
  2646 | D:4      | Bought a scroll of teleportation for 33 gold pieces
  2646 | D:4      | Bought a +0 cloak for 49 gold pieces
  2646 | D:4      | Bought 17 poisoned darts for 74 gold pieces
  2687 | D:4      | Slain by a gnoll

Levels and vault maps discovered:
D:1:      erik_arrival_cave_to_civilisation [erik_arrival_cave_to_hall],
          layout_basic, evilmike_ruin_ashenzari
D:2:      layout_loops_ring, grunt_temple_overflow_open
D:3:      layout_loops_ring
D:4:      layout_basic, temple_green, serial_shops, shop

Skill      XL: |  1  2  3  4 |
---------------+-------------+-----
Hexes          | 3 |  3.3
Dodging        | 2 |  2.0
Throwing       | 3 |  3.8
Fighting       | 2 |  2.2
Short Blades   | |  0.7
Unarmed Combat | |  0.1
Spellcasting   | |  1.2

Action                   |  1- 3 |  4- 6 || total
-------------------------+-------+-------++-------
Melee: Unarmed           |    19 |       ||    19
       Short sword       |    33 |    15 ||    48
Throw: Large rock        |    58 |    26 ||    84
       Dart              |    32 |    27 ||    59
  Use: Scroll            |       |     4 ||     4
       Potion            |       |     1 ||     1
  Eat: Ration            |     1 |       ||     1
       Chunk             |       |     1 ||     1
Armor: Robe              |    30 |    12 ||    42
Dodge: Dodged            |    76 |    23 ||    99
